 Dungeon Crawl Stone Soup version 0.30-a0-385-gfebfb9b408 (webtiles) character file.

Game seed: 13771377135600645286

135 lunkers the Slasher (level 5, -2/45 HPs)
             Began as a Meteoran Fighter on Dec 2, 2022.
             Was a Believer of Wu Jian.
             Slain by a gnoll
             ... wielding a +0 halberd
              (10 damage)
             ... on level 4 of the Dungeon.
             The game lasted 00:03:25 (1368 turns).

lunkers the Slasher (Meteoran Fighter)              Turns: 1368, Time: 00:03:25

Health: -2/45      AC:  6    Str: 19    XL:     5   Next: 70%
Magic:  6/6        EV:  9    Int: 10    God:    Wu Jian [**....]
Gold:   114        SH:  5    Dex: 13    Spells: 4/4 levels left

rFire   . . .      SeeInvis .    a - +0 long sword
rCold   . . .      Faith    .    c - +0 buckler
rNeg    . . .      Spirit   .    b - +0 scale mail
rPois   +          Reflect  .    (no helmet)
rElec   .          Harm     .    (no cloak)
rCorr   .          Rampage  .    (no gloves)
Will    .....                    (no boots)
Stlth   ..........               (no amulet)
HPRegen 0.27/turn                m - ring of poison resistance
MPRegen 0.10/turn                (no ring)

@: glowing
A: sense surroundings 1, otherworldly, glowing, explore regen
a: Renounce Religion, Wall Jump


You were on level 4 of the Dungeon.
You worshipped Wu Jian.
Wu Jian was pleased with you.
You visited 1 branch of the dungeon, and saw 4 of its levels.

You collected 114 gold pieces.

Inventory:

Hand Weapons
 a - a +0 long sword (weapon)
Armour
 b - a +0 scale mail (worn)
 c - a +0 buckler (worn)
Magical Staves
 k - a staff of earth
Jewellery
 m - a ring of poison resistance (left hand)
Scrolls
 i - 3 scrolls of identify {unknown}
 l - a scroll of vulnerability {unknown}
 n - a scroll of magic mapping {unknown}
 o - a scroll of teleportation {unknown}
Potions
 d - 3 potions of might
 e - a potion of degeneration {unknown}
 f - a potion of haste {unknown}
 g - 2 potions of invisibility {unknown}
 h - a potion of heal wounds {unknown}
 j - 2 potions of flight {unknown}


   Skills:
 - Level 3.2 Fighting
 * Level 6.3 Long Blades
 - Level 3.6 Armour
 - Level 3.6 Shields


You had 4 spell levels left.
You didn't know any spells.
Your spell library was empty.

Dungeon Overview and Level Annotations

Branches:
Dungeon (4/15) Zot: 1006
 Temple: D:4-7

Altars:
Wu Jian

Shops:
D:2 *


Innate Abilities, Weirdness & Mutations

You passively map a small area around you.
You are easily found by Zot.
You glow in the dark.
You regain HP and MP as you explore.


Message History

You kill the gnoll!
The Council accepts your kill.
You can now perform airborne attacks.
The gnoll barely misses you. The gnoll hits you but does no damage.
You block the gnoll's attack.
You see here a +0 flail.
You barely miss the gnoll. You block the gnoll's attack.
The gnoll barely misses you. The gnoll completely misses you.
The gnoll barely misses you.
You barely miss the gnoll. The gnoll closely misses you.
The gnoll hits you with a +0 halberd.
You hit the gnoll.
The gnoll is moderately wounded.
The gnoll hits you from afar with a +0 halberd!
* * * LOW HITPOINT WARNING * * *
You block the gnoll's attack.
You hit the gnoll.
The gnoll is severely wounded.
You block the gnoll's attack. The gnoll barely misses you.
You hit the gnoll but do no damage.
The gnoll is severely wounded.
The gnoll hits you from afar with a +0 halberd!
* * * LOW HITPOINT WARNING * * *
The gnoll barely misses you.
You slash the gnoll!
You kill the gnoll!
The Council accepts your kill.
The gnoll hits you from afar with a +0 halberd.
* * * LOW HITPOINT WARNING * * *
You lunge at the gnoll.
You closely miss the gnoll. The gnoll hits you with a +0 halberd!
* * * LOW HITPOINT WARNING * * *
Things that are here:
a +0 halberd; a gnoll corpse You hit the gnoll.
The gnoll is lightly wounded.
The gnoll hits you but does no damage.
You hit the gnoll.
The gnoll is moderately wounded.
The gnoll hits you with a +0 halberd!
You die...

##... #.# ###
#.... #.# #.#
##... #.# #.# ##.#
#.# #.# #... #.#
###.#####.# #g#
#.....#...# #g#
#.....#.### #@#
#.......#
#)######.....#.#
#...)........#.###
############.#....
#.##### #.#* * #..
## *


You could see 2 gnolls.

Vanquished Creatures
  A scorpion (D:4)
  2 gnolls (D:4)
  An adder (D:2)
  2 worms
  2 bats
  8 endoplasms
  3 giant cockroaches
  8 goblins
  4 hobgoblins
  2 ball pythons (D:4)
  2 frilled lizards
  3 kobolds
  2 rats (D:1)
40 creatures vanquished.

Vanquished Creatures (others)
  13 fungi (D:4)
13 creatures vanquished.

Grand Total: 53 creatures vanquished

Notes
Turn   | Place    | Note
-------+----------+-------------------------------------------
     0 | D:1      | lunkers the Meteoran Fighter began the quest for the Orb.
     0 | D:1      | Reached XP level 1. HP: 19/19 MP: 2/2
   267 | D:1      | Found a faded altar of an unknown god.
   271 | D:1      | Reached skill level 3 in Long Blades
   271 | D:1      | Reached XP level 2. HP: 26/26 MP: 3/3
   278 | D:1      | Prayed at the altar of an unknown god.
   278 | D:1      | Became a worshipper of the Wu Jian Council
   278 | D:1      | Reached * piety under Wu Jian
   494 | D:1      | Glimpsed the power of Zot.
   549 | D:2      | Found Iwnikusu's Assorted Antiques.
   580 | D:2      | Reached XP level 3. HP: 27/31 MP: 4/4
   595 | D:2      | Reached skill level 4 in Long Blades
   782 | D:2      | Reached XP level 4. HP: 32/38 MP: 5/5
  1093 | D:4      | Noticed a scorpion
  1108 | D:4      | Killed a scorpion
  1109 | D:4      | Reached skill level 6 in Long Blades
  1109 | D:4      | Reached XP level 5. HP: 20/45 MP: 6/6
  1358 | D:4      | Reached ** piety under Wu Jian
  1368 | D:4      | Slain by a gnoll

Illustrated notes

Levels and vault maps discovered:
D:1:      lordsloth_arrival_two_stooges, layout_loops_corners,
          shapermc_ecumenical_altar_gd
D:2:      layout_loops_ring, serial_shops, shop_fountains,
          minmay_worlds_worst_comb
D:3:      lemuel_castle_with_subvaults [lemuel_castle_interior_carwin_2],
          layout_loops_corners, gammafunk_ghost_cemetery
D:4:      old_forge, layout_loops_ring, nemelex_diamond_rough_becter,
          minmay_temple_entry_glassed_door, nicolae_figureground_sparkle

Skill      XL: |  1  2  3  4 |
---------------+-------------+-----
Long Blades    | 3 4 6 |  6.3
Fighting       | |  3.2
Armour         | |  3.6
Shields        | |  3.6

Action                   |  1- 3 |  4- 6 || total
-------------------------+-------+-------++-------
Melee: Long sword        |    66 |    61 ||   127
Invok: Lunge             |     5 |     5 ||    10
       Whirlwind         |       |     1 ||     1
Armor: Scale mail        |    23 |    17 ||    40
Dodge: Dodged            |    23 |    22 ||    45
Block: Buckler           |    14 |    21 ||    35

Table legend: (Time is in decaauts)
 A = Elapsed time spent in this place.
 B = Non-inter-level travel time spent in this place.
 C = Inter-level travel time spent in this place.
 D = Time resting spent in this place.
 E = Time spent auto-exploring this place.
 F = Levels seen in this place.
 G = Mean time per level.
                   A        B        C        D        E       F      G
               +--------+--------+--------+--------+--------+-----+--------+
         Total |   1392 |   1299 |     93 |      0 |    995 |   4 |  348.0 |
       Dungeon |   1392 |   1299 |     93 |      0 |    995 |   4 |  348.0 |
               +--------+--------+--------+--------+--------+-----+--------+

Top non-repeatable levels by time:
     D:1: 509 daAuts
     D:2: 367 daAuts
     D:4: 286 daAuts
     D:3: 228 daAuts
